TOP OF THE 1ST |
Topeka Tornados batting - Pitching for Detroit X-Wings : RHP David Escobido
|
Pitching: RHP David Escobido
|
|
Batting: RHB José Pinto
|
0-0: Ball 1-0: Ball 2-0: Called Strike 2-1: Foul Ball, location: 2F 2-2: Foul Ball, location: 2F 2-2: Ball 3-2: Base on Balls
|
Batting: LHB Morgan Wright
|
0-0: Fly out, F7 (Line Drive, 7S)
|
Batting: RHB Alberto Campos
|
0-0: Ball 1-0: Grounds into double play, 4-6-3 (Groundball, 4)
|
Top of the 1st over - 0 run(s), 0 hit(s), 0 error(s), 0 left on base; Topeka 0 - Detroit 0 |
BOTTOM OF THE 1ST |
Detroit X-Wings batting - Pitching for Topeka Tornados : RHP Hyo-chin Ch'oe
|
Pitching: RHP Hyo-chin Ch'oe
|
|
Batting: RHB Yoshitsune Kamida
|
0-0: Ground out 4-3 (Groundball, 4)
|
Batting: SHB Felipe Detorres
|
0-0: Called Strike 0-1: Fly out, F9 (Flyball, 89M)
|
Batting: RHB Chet Decker
|
0-0: Ball 1-0: Ball 2-0: Swinging Strike 2-1: DOUBLE (Groundball, 3D)
|
Batting: LHB Juan Jose Pineda
|
0-0: Ball 1-0: Ball 2-0: Called Strike 2-1: Foul Ball, location: 2F 2-2: Fly out, F7 (Line Drive, 78S)
|
Bottom of the 1st over - 0 run(s), 1 hit(s), 0 error(s), 1 left on base; Topeka 0 - Detroit 0 |
TOP OF THE 2ND |
Topeka Tornados batting - Pitching for Detroit X-Wings : RHP David Escobido
|
Batting: LHB Ryan Drake
|
0-0: Ball 1-0: Ball 2-0: Foul Ball, location: 2F 2-1: Swinging Strike 2-2: Ball 3-2: Base on Balls
|
Batting: LHB Yoshiaki Ohayashi
|
0-0: Ball 1-0: Called Strike 1-1: Ball 2-1: Foul Ball, location: 2F 2-2: SINGLE (Flyball, 89S) Ryan Drake to second
|
Batting: RHB Bob Hall
|
0-0: Ball 1-0: Fly out, F7 (Line Drive, 78M)
|
Batting: RHB Don Thomas
|
0-0: Hit by Pitch Ryan Drake to third Yoshiaki Ohayashi to second
|
Batting: RHB Gabriel Santana
|
0-0: Fly out, F6 (Popup, 6MD)
|
Batting: SHB Martín Medina
|
0-0: Fly out, F7 (Flyball, 78XD)
|
Top of the 2nd over - 0 run(s), 1 hit(s), 0 error(s), 3 left on base; Topeka 0 - Detroit 0 |
BOTTOM OF THE 2ND |
Detroit X-Wings batting - Pitching for Topeka Tornados : RHP Hyo-chin Ch'oe
|
Batting: SHB Jaime Montés
|
0-0: Ball 1-0: Ball 2-0: Swinging Strike 2-1: Foul Ball, location: 2F 2-2: Strikes out swinging
|
Batting: RHB Domingo Ávila
|
0-0: Fly out, F8 (Flyball, 78XD)
|
Batting: RHB Ernesto Acosta
|
0-0: Foul Ball, location: 2F 0-1: Ball 1-1: Foul Ball, location: 2F 1-2: Strikes out swinging
|
Bottom of the 2nd over - 0 run(s), 0 hit(s), 0 error(s), 0 left on base; Topeka 0 - Detroit 0 |
TOP OF THE 3RD |
Topeka Tornados batting - Pitching for Detroit X-Wings : RHP David Escobido
|
Batting: RHB José Pinto
|
0-0: Ball 1-0: Foul Ball, location: 2F 1-1: Ball 2-1: Ball 3-1: Base on Balls
|
Batting: LHB Morgan Wright
|
0-0: Called Strike 0-1: Called Strike 0-2: Ball 1-2: Ball 2-2: Foul Ball, location: 2F 2-2: Ball 3-2: Ground out 3-1 (Groundball, 34) José Pinto to second
|
Batting: RHB Alberto Campos
|
0-0: Ball 1-0: Called Strike 1-1: Called Strike José Pinto steals 3rd base 1-2: Foul Ball, location: 2F 1-2: Foul Ball, location: 2F 1-2: SINGLE (Groundball, 56D) José Pinto scores
|
Batting: LHB Ryan Drake
|
0-0: Called Strike 0-1: Foul Ball, location: 2F 0-2: Grounds into double play, 4-6-3 (Groundball, 4)
|
Top of the 3rd over - 1 run(s), 1 hit(s), 0 error(s), 0 left on base; Topeka 1 - Detroit 0 |
BOTTOM OF THE 3RD |
Detroit X-Wings batting - Pitching for Topeka Tornados : RHP Hyo-chin Ch'oe
|
Batting: LHB Jeremy Cox
|
0-0: Ball 1-0: Ball 2-0: Ball 3-0: Called Strike 3-1: Called Strike 3-2: Strikes out swinging
|
Batting: LHB Luis Padilla
|
0-0: Ball 1-0: Foul Ball, location: 2F 1-1: Foul Ball, location: 2F 1-2: Foul Ball, location: 2F 1-2: Fly out, F8 (Flyball, 8LD)
|
Batting: RHB Yoshitsune Kamida
|
0-0: Foul Ball, location: 2F 0-1: Fly out, F9 (Flyball, 89M)
|
Bottom of the 3rd over - 0 run(s), 0 hit(s), 0 error(s), 0 left on base; Topeka 1 - Detroit 0 |
TOP OF THE 4TH |
Topeka Tornados batting - Pitching for Detroit X-Wings : RHP David Escobido
|
Batting: LHB Yoshiaki Ohayashi
|
0-0: Ball 1-0: Foul Ball, location: 2F 1-1: SOLO HOME RUN (Flyball, 89XD), Distance : 396 ft
|
Batting: RHB Bob Hall
|
0-0: Called Strike 0-1: Called Strike 0-2: Ball 1-2: SINGLE (Flyball, 9S)
|
Batting: RHB Don Thomas
|
0-0: Fly out, F7 (Flyball, 7S)
|
Batting: RHB Gabriel Santana
|
0-0: Swinging Strike Pickoff Throw to First - Out! 0-1: Foul Ball, location: 2F 0-2: Strikes out looking
|
Top of the 4th over - 1 run(s), 2 hit(s), 0 error(s), 0 left on base; Topeka 2 - Detroit 0 |
BOTTOM OF THE 4TH |
Detroit X-Wings batting - Pitching for Topeka Tornados : RHP Hyo-chin Ch'oe
|
Batting: SHB Felipe Detorres
|
0-0: Foul Ball, location: 2F 0-1: Ground out 5-3 (Groundball, 56S)
|
Batting: RHB Chet Decker
|
0-0: Foul Ball, location: 2F 0-1: Ball 1-1: DOUBLE (Line Drive, 89XD)
|
Batting: LHB Juan Jose Pineda
|
0-0: Swinging Strike 0-1: Ball 1-1: Foul Ball, location: 2F 1-2: Ball 2-2: Strikes out swinging
|
Batting: SHB Jaime Montés
|
0-0: Swinging Strike 0-1: Swinging Strike 0-2: Ball 1-2: Ball 2-2: Foul Ball, location: 2F 2-2: Strikes out swinging
|
Bottom of the 4th over - 0 run(s), 1 hit(s), 0 error(s), 1 left on base; Topeka 2 - Detroit 0 |
TOP OF THE 5TH |
Topeka Tornados batting - Pitching for Detroit X-Wings : RHP David Escobido
|
Batting: SHB Martín Medina
|
0-0: Ball 1-0: Swinging Strike 1-1: Ball 2-1: Fly out, F6 (Popup, 56D)
|
Batting: RHB José Pinto
|
0-0: Called Strike 0-1: Ball 1-1: Ball 2-1: SINGLE (Groundball, 6MD)
|
Batting: LHB Morgan Wright
|
0-0: Ball 1-0: Foul Ball, location: 2F 1-1: SINGLE (Line Drive, 8RS) José Pinto to second
|
Batting: RHB Alberto Campos
|
0-0: Called Strike 0-1: Fly out, F7 (Line Drive, 7S)
|
Batting: LHB Ryan Drake
|
0-0: Called Strike 0-1: Ball 1-1: Ball 2-1: Foul Ball, location: 2F 2-2: Strikes out swinging
|
Top of the 5th over - 0 run(s), 2 hit(s), 0 error(s), 2 left on base; Topeka 2 - Detroit 0 |
BOTTOM OF THE 5TH |
Detroit X-Wings batting - Pitching for Topeka Tornados : RHP Hyo-chin Ch'oe
|
Batting: RHB Domingo Ávila
|
0-0: Foul Ball, location: 2F 0-1: Ball 1-1: Fly out, F8 (Flyball, 8RM)
|
Batting: RHB Ernesto Acosta
|
0-0: SINGLE (Line Drive, 89S)
|
Batting: LHB Jeremy Cox
|
0-0: Ball 1-0: Ball 2-0: Foul Ball, location: 2F 2-1: Foul Ball, location: 2F 2-2: Ball 3-2: SINGLE (Line Drive, 34D) Ernesto Acosta to second
|
Batting: LHB Luis Padilla
|
0-0: Called Strike 0-1: Ball 1-1: Ball 2-1: Ball 3-1: Foul Ball, location: 2F 3-2: Base on Balls Ernesto Acosta to third Jeremy Cox to second
|
Batting: RHB Yoshitsune Kamida
|
0-0: Ball 1-0: SINGLE (Groundball, 56D) Ernesto Acosta scores Jeremy Cox to third Luis Padilla to second
|
Batting: SHB Felipe Detorres
|
0-0: Ball 1-0: SINGLE (Line Drive, 4D) Jeremy Cox scores Luis Padilla to third Yoshitsune Kamida to second
|
Batting: RHB Chet Decker
|
0-0: Ball 1-0: Called Strike 1-1: Grounds into double play, 1-2-3 (Groundball, 13)
|
Bottom of the 5th over - 2 run(s), 4 hit(s), 0 error(s), 2 left on base; Topeka 2 - Detroit 2 |
TOP OF THE 6TH |
Topeka Tornados batting - Pitching for Detroit X-Wings : RHP David Escobido
|
Batting: LHB Yoshiaki Ohayashi
|
0-0: Ball 1-0: Ground out 4-3 (Groundball, 4)
|
Batting: RHB Bob Hall
|
0-0: Ball 1-0: Foul Ball, location: 2F 1-1: Ball 2-1: Fly out, F4 (Popup, 3DF)
|
Batting: RHB Don Thomas
|
0-0: Fly out, F4 (Popup, 4M)
|
Top of the 6th over - 0 run(s), 0 hit(s), 0 error(s), 0 left on base; Topeka 2 - Detroit 2 |
BOTTOM OF THE 6TH |
Detroit X-Wings batting - Pitching for Topeka Tornados : RHP Hyo-chin Ch'oe
|
Batting: LHB Juan Jose Pineda
|
0-0: Ball 1-0: Foul Ball, location: 2F 1-1: Ground out U3 (Groundball, 3)
|
Batting: SHB Jaime Montés
|
0-0: Ball 1-0: Foul Ball, location: 2F 1-1: Ball 2-1: Ground out 4-3 (Groundball, 4M)
|
Batting: RHB Domingo Ávila
|
0-0: Ball 1-0: Ball 2-0: Ball 3-0: Base on Balls
|
Batting: RHB Ernesto Acosta
|
0-0: Ball 1-0: Ball 2-0: Called Strike 2-1: Swinging Strike 2-2: Strikes out swinging
|
Bottom of the 6th over - 0 run(s), 0 hit(s), 0 error(s), 1 left on base; Topeka 2 - Detroit 2 |
TOP OF THE 7TH |
Topeka Tornados batting - Pitching for Detroit X-Wings : LHP Javier Duarte
|
Pitching: LHP Javier Duarte
|
|
Batting: RHB Gabriel Santana
|
0-0: Ball 1-0: Ball 2-0: Called Strike 2-1: Fly out, F3 (Popup, 3F)
|
Batting: SHB Martín Medina
|
0-0: Called Strike 0-1: Ball 1-1: Fly out, F7 (Flyball, 78D)
|
Batting: RHB José Pinto
|
0-0: Called Strike 0-1: Fly out, F8 (Flyball, 8LXD)
|
Top of the 7th over - 0 run(s), 0 hit(s), 0 error(s), 0 left on base; Topeka 2 - Detroit 2 |
BOTTOM OF THE 7TH |
Detroit X-Wings batting - Pitching for Topeka Tornados : RHP Hyo-chin Ch'oe
|
Pitching: LHP Enrique Muńóz
|
|
Pinch Hitting: RHB Vincente Encarnación
|
0-0: Foul Ball, location: 2F 0-1: Swinging Strike 0-2: Ball 1-2: Ball 2-2: Strikes out swinging
|
Batting: LHB Luis Padilla
|
0-0: Called Strike 0-1: Ball 1-1: Foul Ball, location: 2F 1-2: Ball 2-2: Strikes out looking
|
Batting: RHB Yoshitsune Kamida
|
0-0: Called Strike 0-1: Fly out, F8 (Flyball, 8LM)
|
Bottom of the 7th over - 0 run(s), 0 hit(s), 0 error(s), 0 left on base; Topeka 2 - Detroit 2 |
TOP OF THE 8TH |
Topeka Tornados batting - Pitching for Detroit X-Wings : LHP Javier Duarte
|
Now in LF: Vincente Encarnación
|
|
Pinch Hitting: RHB Cho-yun Qiao
|
0-0: Called Strike 0-1: Foul Ball, location: 2F 0-2: Ball 1-2: Foul Ball, location: 2F 1-2: Ball 2-2: Strikes out swinging
|
Batting: RHB Alberto Campos
|
0-0: Called Strike 0-1: Called Strike 0-2: Ball 1-2: Ball 2-2: Ball 3-2: Strikes out swinging
|
Batting: LHB Ryan Drake
|
0-0: Ball 1-0: Ball 2-0: Called Strike 2-1: Foul Ball, location: 2F 2-2: Ball 3-2: Foul Ball, location: 2F 3-2: Strikes out swinging
|
Top of the 8th over - 0 run(s), 0 hit(s), 0 error(s), 0 left on base; Topeka 2 - Detroit 2 |
BOTTOM OF THE 8TH |
Detroit X-Wings batting - Pitching for Topeka Tornados : LHP Enrique Muńóz
|
Now at 1B: Cho-yun Qiao
|
|
Pinch Hitting: RHB Yasuoka Tanaka
|
0-0: Ground out 6-3 (Groundball, 6)
|
Batting: RHB Chet Decker
|
0-0: Ball 1-0: Foul Ball, location: 2F 1-1: DOUBLE (Groundball, 5L)
|
Batting: LHB Juan Jose Pineda
|
0-0: Intentional Walk
|
Pitching: RHP Masamichi Samurakami
|
|
Batting: SHB Jaime Montés
|
0-0: Ball 1-0: Ball 2-0: Ball 3-0: Called Strike 3-1: Foul Ball, location: 2F 3-2: Foul Ball, location: 2F 3-2: Base on Balls Chet Decker to third Juan Jose Pineda to second
|
Pinch Hitting: RHB Diego Ocampo
|
0-0: Foul Ball, location: 2F 0-1: Ball 1-1: Called Strike 1-2: SINGLE (Line Drive, 4MD) Chet Decker scores Juan Jose Pineda to third Jaime Montés to second
|
Batting: RHB Ernesto Acosta
|
0-0: Called Strike 0-1: Foul Ball, location: 2F 0-2: Strikes out swinging
|
Batting: RHB Vincente Encarnación
|
0-0: Foul Ball, location: 2F 0-1: Foul Ball, location: 2F 0-2: Ball 1-2: Strikes out swinging
|
Bottom of the 8th over - 1 run(s), 2 hit(s), 0 error(s), 3 left on base; Topeka 2 - Detroit 3 |
TOP OF THE 9TH |
Topeka Tornados batting - Pitching for Detroit X-Wings : LHP Javier Duarte
|
Pitching: LHP Arturo Sánchez
|
|
Now at 1B: Yasuoka Tanaka
|
|
Now at 3B: Chris Byrd
|
|
Batting: LHB Yoshiaki Ohayashi
|
0-0: Foul Ball, location: 2F 0-1: Ball 1-1: Ball 2-1: Foul Ball, location: 2F 2-2: Strikes out swinging
|
Batting: RHB Bob Hall
|
0-0: Foul Ball, location: 2F 0-1: Foul Ball, location: 2F 0-2: Ground out 4-3 (Groundball, 4)
|
Batting: RHB Don Thomas
|
0-0: Called Strike 0-1: Ball 1-1: Ball 2-1: Swinging Strike 2-2: Strikes out swinging
|
Top of the 9th over - 0 run(s), 0 hit(s), 0 error(s), 0 left on base; Topeka 2 - Detroit 3 |
|